Map: Abyssal Reef LE

Players

Musumeci

  • Race: Zerg Zerg
  • League: Diamond
  • Spawn Location: 11:00

Techmaster - Winner!

  • Race: Zerg Zerg
  • League: Diamond
  • Spawn Location: 5:00

VOD

Have the link to the VOD?

Description

Time

  • Played on: Feb. 12, 2017, 12:20 p.m.
  • Length: 7:50
Show
View Real Time Build Order
Export as new Build Order

Musumeci Zerg 

Build Orders: Pool First 

Get SALT Encoding   

  12  0:01  Drone  
  13  0:13  Drone  
  14  0:21  Drone, Extractor  
  14  0:24  Overlord  
  15  0:42  Drone x2  
  17  0:48  Spawning Pool  
  16  1:05  Extractor  
  15  1:14  Hatchery  
  14  1:38  Drone  
  14  1:39  Drone x2  
  17  1:48  Queen  
  17  1:50  Zergling x2  
  20  2:00  Drone  
  21  2:12  Zergling x2  
  22  2:19  Metabolic Boost  
  22  2:27  Overlord  
  22  2:28  Queen  
  24  2:36  Drone x2  
  25  2:53  Roach Warren  
  24  2:58  Zergling x2  
  24  2:59  Zergling x8  
  24  3:03  Overlord  
  29  3:19  Overlord  
  29  3:36  Roach x3  
  29  3:38  Roach x3  
  41  3:48  Drone x2  
  43  3:49  Drone  
  43  3:55  Overlord  
  38  4:38  Drone x2  
  38  4:39  Drone x7  
  38  4:43  Lair  
  47  5:15  Roach  
  47  5:16  Roach  
  47  5:17  Hatchery, Overlord x3  
  50  5:26  Extractor  
  49  5:34  Evolution Chamber  
  49  5:35  Evolution Chamber  
  47  5:39  Extractor  
  46  5:43  Glial Reconstitution  
  46  5:53  Roach x5  
  46  5:54  Roach x2  
  52  6:04  Roach x2  
  48  6:31  Hatchery  
  48  6:32  Roach x7  
  61  6:38  Drone x2  
  55  6:57  Roach  
  55  6:58  Roach x4  
  65  7:01  Overlord  
Show
View Real Time Build Order
Export as new Build Order

Techmaster Zerg - Winner!

Build Orders: Hatch First 

Get SALT Encoding   

  12  0:02  Drone  
  13  0:13  Overlord  
  13  0:18  Drone  
  14  0:31  Drone x2  
  14  0:35  Drone  
  17  0:56  Hatchery  
  16  0:57  Drone  
  17  1:13  Spawning Pool  
  17  1:15  Drone  
  17  1:18  Extractor  
  17  1:20  Drone  
  17  1:24  Drone  
  18  1:35  Drone  
  19  1:40  Overlord  
  19  2:00  Zergling x2  
  19  2:01  Queen  
  20  2:02  Zergling x2  
  23  2:09  Queen  
  23  2:10  Zergling x2  
  23  2:13  Zergling x2  
  27  2:19  Metabolic Boost  
  27  2:22  Zergling x2  
  28  2:26  Drone  
  29  2:33  Zergling x2  
  30  2:37  Overlord  
  30  2:58  Zergling x8  
  33  3:03  Drone, Baneling Nest  
  33  3:06  Drone  
  33  3:11  Drone x2  
  36  3:13  Drone  
  36  3:17  Drone  
  38  3:25  Drone x2  
  39  3:28  Drone  
  39  3:31  Drone  
  41  3:39  Overlord  
  41  3:49  Drone x2  
  41  3:50  Overlord  
  41  3:54  Extractor  
  42  3:57  Extractor  
  42  3:59  Extractor  
  42  4:01  Baneling x4  
  42  4:02  Baneling  
  40  4:03  Zergling x6  
  40  4:04  Zergling x2  
  40  4:08  Drone  
  40  4:09  Drone  
  46  4:15  Lair  
  46  4:23  Spine Crawler  
  42  4:42  Drone x3  
  42  4:43  Drone x3  
  46  4:47  Zergling x2  
  46  4:48  Zergling x6  
  49  4:53  Drone x3  
  49  4:58  Drone  
  49  4:59  Drone  
  54  5:07  Overlord  
  54  5:15  Hatchery  
  53  5:21  Drone  
  53  5:28  Spire  
  53  5:29  Zergling x12  
  59  5:40  Overlord  
  59  5:44  Overlord  
  59  5:54  Zergling x14  
  60  6:08  Drone x3  
  62  6:16  Drone  
  62  6:17  Drone  
  61  6:28  Zergling x16  
  61  6:29  Queen  
  71  6:37  Overlord  
  71  6:41  Mutalisk  
  71  6:42  Mutalisk  
  74  6:50  Mutalisk x5  
  74  6:51  Mutalisk  
  86  7:01  Mutalisk  
  88  7:11  Mutalisk  
  88  7:13  Zergling x2  
  88  7:14  Zergling x8  
  90  7:33  Drone x3  
Tags
 
Add a new tag
Caveats
  • Supply blocks, unpowered buildings, or Contaminate may cause inaccurate times.
  • Supply counts are checked every 10 seconds.